[Event "December 5 Late 2023"]
[Site "https://www.chess.com"]
[Date "2023.12.05"]
[Round "11"]
[White "Uryupin, Igor"]
[Black "Schnaider, Ilan"]
[Result "1-0"]
[Board "55"]
[TimeControl "180+1"]
[WhiteFideId "4182529"]
[BlackFideId "169013"]
[WhiteElo "2463"]
[BlackElo "2670"]
[WhiteTeam "RUS"]
[BlackTeam "ARG"]
[WhiteClock "0:00:11"]
[BlackClock "0:00:01"]

1. d4 d5 2. Nf3 Nf6 3. Bf4 Bf5 4. e3 c5 5. dxc5 e6 6. Bxb8 Qxb8 7. Bb5+ Nd7 8. b4 a5 9. Qd4 f6 10. a3 Be7 11. O-O axb4 12. axb4 Rxa1 13. Qxa1 e5 14. c4 d4 15. exd4 O-O 16. d5 Bg4 17. Nbd2 e4 18. Qd4 exf3 19. Qxg4 fxg2 20. Re1 Ne5 21. Qe6+ Rf7 22. d6 Bf8 23. Rxe5 fxe5 24. Be8 Qxe8 25. Qxe8 Rf4 26. Kxg2 Rg4+ 27. Kf1 Rf4 28. f3 Rd4 29. Ke2 g6 30. Ne4 Kg7 31. Ng5 Kh6 32. Ne6 Rh4 33. Qxf8+ Kh5 34. Qf6 Rxh2+ 35. Ke3 Rg2 36. d7 e4 37. d8=Q Rh2 38. Qg5# 1-0

[Event "December 5 Late 2023"]
[Site "https://www.chess.com"]
[Date "2023.12.05"]
[Round "11"]
[White "Slugin, Sergey"]
[Black "Mizzi, Jack"]
[Result "1-0"]
[Board "56"]
[TimeControl "180+1"]
[WhiteFideId "4122569"]
[BlackFideId "5602521"]
[WhiteElo "2670"]
[BlackElo "2455"]
[WhiteTeam "RUS"]
[BlackTeam "MLT"]
[WhiteClock "0:00:06"]
[BlackClock "0:00:01"]

1. d4 Nf6 2. c4 e6 3. Nc3 d5 4. cxd5 exd5 5. Bg5 Be7 6. e3 O-O 7. Bd3 c6 8. Nge2 h6 9. Bh4 Ne4 10. Bxe7 Qxe7 11. O-O f5 12. Nf4 Qf7 13. f3 Nxc3 14. bxc3 g5 15. Ne2 Qe7 16. Qd2 Re8 17. Kf2 Be6 18. Ng3 Qf7 19. Rae1 Nd7 20. Kg1 Rf8 21. a4 Rae8 22. a5 h5 23. e4 f4 24. Nh1 dxe4 25. Rxe4 Bf5 26. Rxe8 Rxe8 27. Nf2 Bxd3 28. Qxd3 Re3 29. Qc2 c5 30. Ne4 cxd4 31. cxd4 Qd5 32. Qc8+ Kg7 33. Rd1 g4 34. Qc7 gxf3 35. gxf3 Rxf3 36. Nc5 Rc3 37. Qxd7+ Qxd7 38. Nxd7 f3 39. Ne5 Rc2 40. Nxf3 Kf6 41. d5 Ke7 42. d6+ Kd7 43. Ne5+ Kd8 44. d7 Rd2 45. Rxd2 b6 46. Nf7+ 1-0

[Event "December 5 Late 2023"]
[Site "https://www.chess.com"]
[Date "2023.12.05"]
[Round "11"]
[White "Martins, Vinicius Tine"]
[Black "Play, Gilles"]
[Result "1-0"]
[Board "57"]
[TimeControl "180+1"]
[WhiteFideId "2112884"]
[BlackFideId "45130892"]
[WhiteElo "2622"]
[BlackElo "2438"]
[WhiteTeam "BRA"]
[BlackTeam "FRA"]
[WhiteClock "0:01:37"]
[BlackClock "0:00:58"]

1. d4 Nf6 2. Nf3 g6 3. Bf4 c6 4. e3 Qb6 5. Na3 Qxb2 6. Nc4 Qc3+ 7. Nfd2 b5 8. Ne5 Ne4 9. Nf3 d6 10. Bd3 Nxd2 11. Nxd2 Bg7 12. O-O O-O 13. a4 Ba6 14. Ne4 Qb4 15. Qe2 Bb7 16. axb5 1-0

[Event "December 5 Late 2023"]
[Site "https://www.chess.com"]
[Date "2023.12.05"]
[Round "11"]
[White "Saito, Vinicius"]
[Black "Iskusnyh, Sergei"]
[Result "0-1"]
[Board "58"]
[TimeControl "180+1"]
[WhiteFideId "2113384"]
[BlackFideId "4120027"]
[WhiteElo "2443"]
[BlackElo "2564"]
[WhiteTeam "BRA"]
[BlackTeam "RUS"]
[WhiteClock "0:00:13"]
[BlackClock "0:00:23"]

1. e4 e6 2. d4 d5 3. Nc3 Nf6 4. e5 Nfd7 5. Nce2 c5 6. c3 Nc6 7. Nf3 Be7 8. a3 O-O 9. h4 f6 10. Nf4 Ndxe5 11. dxe5 fxe5 12. Nh5 e4 13. Ng5 h6 14. Nxe4 dxe4 15. Qxd8 Rxd8 16. Be3 Ne5 17. Ng3 Nd3+ 18. Ke2 Nxb2 19. Nxe4 b6 20. g3 Bb7 21. Bg2 Ba6+ 22. Kf3 Nc4 23. a4 Ne5+ 24. Kf4 Rd5 25. g4 Rf8+ 26. Kg3 Nc4 27. Rad1 Nxe3 28. fxe3 Bc4 29. Nd2 Be2 30. Bxd5 exd5 31. Rde1 Bd3 32. e4 d4 33. cxd4 cxd4 34. e5 Bb4 35. Rh2 a5 36. Rd1 Bc2 37. Rc1 Bxa4 38. Nf3 d3 39. Rc7 Bb3 40. g5 h5 41. g6 a4 42. Ng5 a3 43. Rf2 Be1 44. Nf7 Bxf2+ 45. Kxf2 Bxf7 46. gxf7+ Rxf7+ 0-1

[Event "December 5 Late 2023"]
[Site "https://www.chess.com"]
[Date "2023.12.05"]
[Round "11"]
[White "Buchenau, Frank"]
[Black "Soderstrom, Adrian"]
[Result "1/2-1/2"]
[Board "59"]
[TimeControl "180+1"]
[WhiteFideId "4604350"]
[BlackFideId "1745786"]
[WhiteElo "2433"]
[BlackElo "2553"]
[WhiteTeam "GER"]
[BlackTeam "SWE"]
[WhiteClock "0:00:26"]
[BlackClock "0:00:18"]

1. e4 e6 2. d4 d5 3. Nc3 dxe4 4. Nxe4 Be7 5. Nf3 Nf6 6. Bd3 Nbd7 7. c3 O-O 8. O-O b6 9. Qc2 Bb7 10. Neg5 h6 11. Nh7 Nxh7 12. Bxh7+ Kh8 13. Be4 Bxe4 14. Qxe4 Nf6 15. Qc6 Qd5 16. Ne5 Bd6 17. Qxd5 Nxd5 18. Nc6 Ne7 19. Nxe7 Bxe7 20. Bf4 Bd6 21. Be3 Rfd8 22. a4 c5 23. a5 cxd4 24. Bxd4 Bc5 25. Bxc5 bxc5 26. Rfd1 Rab8 27. Kf1 Rxd1+ 28. Rxd1 Rxb2 29. Rd7 Rc2 30. Rxf7 a6 31. Ra7 Rxc3 32. Rxa6 Ra3 33. Ke2 Kg8 34. Rxe6 Rxa5 35. Kd3 Ra2 36. Re2 c4+ 37. Ke3 Ra8 38. Kd4 Rc8 39. Rc2 Kf7 40. Rxc4 Re8 41. Rc7+ Kg6 42. Rc6+ Kg5 43. Kd3 h5 44. Rc5+ Kh6 45. h4 Re6 46. Rc4 Rg6 47. g3 Re6 48. Re4 Ra6 49. Ke3 Ra2 50. Re6+ g6 51. f3 Ra3+ 52. Kf4 Ra4+ 53. Re4 Ra3 54. g4 hxg4 55. fxg4 g5+ 56. hxg5+ Kg6 57. Re6+ Kg7 58. Rb6 Ra4+ 59. Kf5 Ra5+ 60. Kf4 Ra4+ 61. Kg3 Ra1 62. Rf6 Rg1+ 63. Kf4 Rf1+ 64. Ke5 Re1+ 65. Kf5 Rf1+ 66. Ke6 Re1+ 67. Kd7 Rg1 68. Rf4 Re1 69. Kd6 Kg6 70. Rf5 Re4 71. Re5 Rxe5 72. Kxe5 Kxg5 73. Ke4 Kxg4 1/2-1/2

[Event "December 5 Late 2023"]
[Site "https://www.chess.com"]
[Date "2023.12.05"]
[Round "11"]
[White "Lopusiewicz, Piotr"]
[Black "aksuliini1"]
[Result "0-1"]
[Board "60"]
[TimeControl "180+1"]
[WhiteFideId "1116029"]
[WhiteElo "2429"]
[BlackElo "2552"]
[WhiteTeam "POL"]
[WhiteClock "0:00:04"]
[BlackClock "0:00:25"]

1. d4 Nf6 2. c4 e6 3. Nf3 d5 4. Nc3 Bb4 5. g3 O-O 6. Bg2 dxc4 7. O-O Nc6 8. Qa4 a6 9. Rd1 Bd7 10. Qc2 Qe7 11. Bg5 h6 12. Bh4 Rad8 13. Ne4 b5 14. Nxf6+ gxf6 15. Qc1 Kg7 16. e4 e5 17. dxe5 Nxe5 18. a3 Bd6 19. Qc3 c5 20. Ne1 Ng6 21. Nc2 Nxh4 22. gxh4 Bc6 23. Ne3 Bxe4 24. Bxe4 Qxe4 25. Kf1 Be5 26. Qc2 Qxc2 27. Nxc2 Bxb2 28. Rab1 Be5 29. Ne3 Bxh2 30. h5 Be5 31. Nf5+ Kh7 32. Ke2 c3 33. Rxd8 Rxd8 34. Rc1 b4 35. axb4 cxb4 36. Rg1 Rg8 37. Ra1 c2 38. Rc1 b3 0-1

[Event "December 5 Late 2023"]
[Site "https://www.chess.com"]
[Date "2023.12.05"]
[Round "11"]
[White "Przybylski, Wojciech"]
[Black "Donchenko, Anatoly"]
[Result "1-0"]
[Board "61"]
[TimeControl "180+1"]
[WhiteFideId "1117599"]
[BlackFideId "4106091"]
[WhiteElo "2539"]
[BlackElo "2418"]
[WhiteTeam "POL"]
[BlackTeam "GER"]
[WhiteClock "0:01:12"]
[BlackClock "0:00:58"]

1. e4 Nf6 2. Nc3 d5 3. exd5 Nxd5 4. Bc4 Nb6 5. Bb3 c5 6. d3 Nc6 7. Nf3 Bf5 8. O-O e6 9. h3 Be7 10. a4 a5 11. Re1 O-O 12. Nb5 Rc8 13. Bf4 Nd4 14. Nfxd4 cxd4 15. Qf3 Qd7 16. Bd2 Rfd8 17. Bxa5 Bc5 18. Bd2 Nd5 19. Re5 Bg6 20. h4 h6 21. h5 Bh7 22. Rae1 Nf6 23. Bxh6 gxh6 24. Qxf6 Bf8 25. Rxe6 Bg7 26. Qf3 Re8 27. Rxe8+ Rxe8 28. Qxf7+ 1-0

[Event "December 5 Late 2023"]
[Site "https://www.chess.com"]
[Date "2023.12.05"]
[Round "11"]
[White "Blanco Diez, David"]
[Black "Shapiro, Viktor"]
[Result "0-1"]
[Board "62"]
[TimeControl "180+1"]
[WhiteFideId "32032927"]
[BlackFideId "4175700"]
[WhiteElo "2415"]
[BlackElo "2526"]
[WhiteTeam "ESP"]
[BlackTeam "RUS"]
[WhiteClock "0:00:02"]
[BlackClock "0:00:33"]

1. Nf3 Nf6 2. b3 g6 3. Bb2 Bg7 4. g3 O-O 5. Bg2 d6 6. d4 Nbd7 7. O-O c6 8. c4 Re8 9. Nc3 Qc7 10. e4 e5 11. Re1 a5 12. h3 exd4 13. Nxd4 Nc5 14. Qc2 Qb6 15. Rad1 a4 16. Bc1 Nh5 17. Be3 Qb4 18. Rb1 axb3 19. axb3 Ne6 20. Nde2 Nc5 21. Red1 f5 22. Nd4 fxe4 23. g4 Nf6 24. g5 Nfd7 25. Nxe4 Nxe4 26. Bxe4 Nc5 27. Bg2 Bxd4 28. Bxd4 Bf5 29. Qb2 Bxb1 30. Rxb1 Re1+ 31. Rxe1 Qxe1+ 32. Kh2 Nd3 33. Qc3 Qxc3 34. Bxc3 Ra3 35. Bf1 Rxb3 36. Bd4 Kf7 37. Bf6 h5 38. h4 Ne5 39. Be2 Ng4+ 40. Bxg4 hxg4 41. Kg2 Rf3 42. Bd8 b5 43. cxb5 cxb5 44. Bc7 d5 45. Be5 b4 46. h5 gxh5 47. Bd4 Kg6 48. Bf6 b3 49. Bd4 h4 50. Be5 Kxg5 51. Bd4 h3+ 52. Kg1 Kf5 53. Bc5 Ke4 54. Ba3 Kd3 55. Bb2 Ke2 56. Be5 Rxf2 57. Bd4 Rg2+ 58. Kh1 Kd3 59. Bb2 Kc2 60. Bd4 Re2 61. Bf6 b2 62. Bxb2 Kxb2 63. Kg1 d4 64. Kf1 d3 65. Kg1 d2 66. Kf1 d1=Q# 0-1

[Event "December 5 Late 2023"]
[Site "https://www.chess.com"]
[Date "2023.12.05"]
[Round "11"]
[White "Kostiukov, Alexandr"]
[Black "Hajiyev, Kanan"]
[Result "1-0"]
[Board "63"]
[TimeControl "180+1"]
[WhiteFideId "14108100"]
[BlackFideId "13404148"]
[WhiteElo "2380"]
[BlackElo "2519"]
[WhiteTeam "UKR"]
[BlackTeam "AZE"]
[WhiteClock "0:00:07"]
[BlackClock "0:00:02"]

1. g3 d5 2. Bg2 Nf6 3. d3 e6 4. e4 b6 5. e5 Nfd7 6. f4 c5 7. c4 Bb7 8. Nc3 f6 9. cxd5 fxe5 10. Qg4 Nf6 11. Qxe6+ Be7 12. Qxe5 O-O 13. Nge2 Bd6 14. Qe6+ Kh8 15. Ne4 Bxd5 16. Qh3 Be7 17. O-O Nc6 18. N2c3 Bg8 19. g4 Nd5 20. Nxd5 Bxd5 21. Be3 Nd4 22. Bxd4 cxd4 23. b3 Rc8 24. Rae1 Rc2 25. Qg3 a5 26. Rf2 Rxf2 27. Qxf2 Qc7 28. f5 Qd8 29. Re2 a4 30. bxa4 Bh4 31. Qf4 Re8 32. Rc2 h6 33. Bf3 Be7 34. Kg2 Bxe4 35. Bxe4 Bg5 36. Qg3 Qe7 37. Rc7 Qa3 38. Qf2 Be3 39. Qc2 Qd6 40. Rc8 Qe7 41. Qc6 Qf8 42. Rxe8 1-0

[Event "December 5 Late 2023"]
[Site "https://www.chess.com"]
[Date "2023.12.05"]
[Round "11"]
[White "Su, Dion"]
[Black "Lin, Bryan Enming"]
[Result "0-1"]
[Board "64"]
[TimeControl "180+1"]
[WhiteFideId "2029731"]
[BlackFideId "30987121"]
[WhiteElo "2377"]
[BlackElo "2516"]
[WhiteTeam "USA"]
[BlackTeam "USA"]
[WhiteClock "0:00:02"]
[BlackClock "0:00:07"]

1. e4 e5 2. Nf3 Nc6 3. Bb5 a6 4. Ba4 Nf6 5. d3 b5 6. Bb3 Be7 7. c3 O-O 8. O-O d6 9. h3 Na5 10. Bc2 c5 11. Qe2 Nc6 12. Rd1 Qc7 13. Nbd2 h6 14. Nf1 Be6 15. Ng3 Rad8 16. Nh4 Nxe4 17. dxe4 Bxh4 18. Qh5 Bxg3 19. fxg3 f6 20. Be3 Qf7 21. Qf3 Na5 22. b3 Nc6 23. Rd2 d5 24. exd5 Rxd5 25. Rad1 Rfd8 26. Rxd5 Rxd5 27. Rxd5 Bxd5 28. Qf5 Qe7 29. Qh7+ Kf8 30. Bg6 Qd6 31. Qh8+ Bg8 32. Be4 Ne7 33. g4 a5 34. Kh2 a4 35. h4 Kf7 36. g5 hxg5 37. hxg5 f5 38. Bc2 e4+ 39. g3 Ng6 40. Qh3 Qe5 41. bxa4 bxa4 42. Bxa4 Kf8 43. Qh5 Bf7 44. Bb3 Qxc3 45. Bxc5+ Qxc5 46. Bxf7 Kxf7 47. Qe2 Ne5 48. Qa6 Nf3+ 49. Kh3 Nxg5+ 50. Kh4 Nf3+ 51. Kh5 Qe7 52. Qg6+ Kg8 53. Qxf5 Qe5 54. Kg4 Qxf5+ 55. Kxf5 e3 56. Kf4 e2 0-1

[Event "December 5 Late 2023"]
[Site "https://www.chess.com"]
[Date "2023.12.05"]
[Round "11"]
[White "Rian, Kapriaga"]
[Black "Kovalevsky, Stanislav"]
[Result "1-0"]
[Board "65"]
[TimeControl "180+1"]
[WhiteFideId "7103263"]
[BlackFideId "13508598"]
[WhiteElo "2350"]
[BlackElo "2504"]
[WhiteTeam "INA"]
[BlackTeam "FID"]
[WhiteClock "0:01:22"]
[BlackClock "0:00:09"]

1. d4 d5 2. Nf3 Nf6 3. Bf4 e6 4. e3 c5 5. Nbd2 Nc6 6. c3 Bd6 7. Ne5 Bxe5 8. Bxe5 Nxe5 9. dxe5 Nd7 10. f4 O-O 11. Bd3 f5 12. exf6 Qxf6 13. O-O b6 14. Qe2 Bb7 15. e4 d4 16. e5 Qh6 17. Be4 Bxe4 18. Qxe4 dxc3 19. bxc3 Rad8 20. Nc4 g5 21. f5 exf5 22. Rxf5 Rxf5 23. Qxf5 Qg6 24. Qf3 Nf8 25. Rf1 Ne6 26. Nd6 h6 27. Qd5 Kh8 28. h3 g4 29. Rf6 Qb1+ 30. Kh2 g3+ 31. Kxg3 Qe1+ 32. Kh2 Rg8 33. Rxh6+ Kg7 34. Qxe6 1-0

[Event "December 5 Late 2023"]
[Site "https://www.chess.com"]
[Date "2023.12.05"]
[Round "11"]
[White "Shapiro, Daniel"]
[Black "Gutierrez Olivares, Daniel"]
[Result "0-1"]
[Board "66"]
[TimeControl "180+1"]
[WhiteFideId "2001780"]
[BlackFideId "2264005"]
[WhiteElo "2314"]
[BlackElo "2498"]
[WhiteTeam "USA"]
[BlackTeam "ESP"]
[WhiteClock "0:00:00"]
[BlackClock "0:01:52"]

1. d4 e6 2. c4 Nf6 3. g3 c5 4. d5 exd5 5. cxd5 Bd6 6. Nc3 O-O 7. Bg2 Re8 8. Nf3 b6 9. O-O Bf8 10. Re1 d6 11. h3 Na6 12. Nd2 Nc7 13. a4 Rb8 14. Nc4 Na6 15. e4 Nb4 16. f4 Ba6 17. b3 g6 18. Bb2 Nh5 19. Kh2 Bg7 20. e5 Bxc4 21. bxc4 dxe5 22. f5 e4 23. fxg6 hxg6 24. Bxe4 Be5 25. Qg4 Bxg3+ 26. Kh1 Qh4 27. Qxh4 Bxh4 28. Bf3 Rxe1+ 29. Rxe1 Bxe1 30. d6 Rd8 31. Nb5 a6 32. Bxh5 gxh5 33. Bf6 Rd7 0-1

[Event "December 5 Late 2023"]
[Site "https://www.chess.com"]
[Date "2023.12.05"]
[Round "11"]
[White "Wieczorek, Zbigniew"]
[Black "Mazurkiewicz, Michal"]
[Result "0-1"]
[Board "67"]
[TimeControl "180+1"]
[WhiteFideId "1102001"]
[BlackFideId "1124943"]
[WhiteElo "2252"]
[BlackElo "2495"]
[WhiteTeam "POL"]
[BlackTeam "POL"]
[WhiteClock "0:00:06"]
[BlackClock "0:00:05"]

1. Nf3 Nf6 2. g3 g6 3. Bg2 Bg7 4. O-O O-O 5. c4 d6 6. Nc3 c5 7. d3 Nc6 8. a3 Rb8 9. Rb1 b6 10. Bd2 Bb7 11. b4 e6 12. b5 Nd4 13. a4 Nxf3+ 14. Bxf3 Bxf3 15. exf3 d5 16. Qe2 Qd7 17. Bf4 Rbd8 18. Be5 dxc4 19. dxc4 Qd3 20. Rfe1 Ne8 21. Rbd1 Qxe2 22. Rxe2 Rxd1+ 23. Nxd1 Bxe5 24. Rxe5 Nd6 25. Nb2 Nf5 26. Kg2 Rd8 27. a5 Rd2 28. axb6 axb6 29. Na4 Rd6 30. Nxc5 bxc5 31. Rxc5 Rb6 32. f4 Kf8 33. Kf3 Ke7 34. Ke4 Nd6+ 35. Kd3 Kd8 36. Re5 Nb7 37. Kc3 Rd6 38. c5 Rd1 39. c6 Nd6 40. Kb4 Rb1+ 41. Ka5 Kc7 42. Ka4 Ra1+ 43. Kb4 Rb1+ 44. Ka5 Nc4+ 45. Ka6 Ra1# 0-1

[Event "December 5 Late 2023"]
[Site "https://www.chess.com"]
[Date "2023.12.05"]
[Round "11"]
[White "Monteiro, Luis Felipe Furtado"]
[Black "Minko, Dmitry"]
[Result "1-0"]
[Board "68"]
[TimeControl "180+1"]
[WhiteFideId "22702806"]
[BlackFideId "24188468"]
[WhiteElo "2120"]
[BlackElo "2489"]
[WhiteTeam "BRA"]
[BlackTeam "FID"]
[WhiteClock "0:00:28"]
[BlackClock "0:00:00"]

1. d4 d5 2. c4 e6 3. Nf3 Nf6 4. Nc3 Be7 5. Bg5 O-O 6. e3 Nbd7 7. Qc2 h6 8. Bh4 a6 9. cxd5 exd5 10. Bd3 c6 11. O-O Re8 12. a3 Ne4 13. Bxe7 Qxe7 14. b4 Nd6 15. Na4 b5 16. Nc5 Nxc5 17. Qxc5 f6 18. Qxc6 Be6 19. Rac1 Rec8 20. Qb6 Rcb8 21. Qc7 Qf8 22. Rc6 Rd8 23. Rfc1 Bf7 24. h3 Nc4 25. Bxc4 dxc4 26. Qf4 a5 27. Rc5 axb4 28. axb4 Rdb8 29. Nh4 g5 30. Qg3 Ra4 31. Nf5 Kh7 32. Rc7 Kg6 33. Qg4 h5 34. Qe4 Rxb4 35. Nd6+ 1-0

[Event "December 5 Late 2023"]
[Site "https://www.chess.com"]
[Date "2023.12.05"]
[Round "11"]
[White "Vlassov, Nikolai"]
[Black "Teumer, Joerg, Dr."]
[Result "0-1"]
[Board "69"]
[TimeControl "180+1"]
[WhiteFideId "4103360"]
[BlackFideId "4643526"]
[WhiteElo "2617"]
[BlackElo "2162"]
[WhiteTeam "FID"]
[BlackTeam "GER"]
[WhiteClock "0:00:00"]
[BlackClock "0:00:10"]

1. e4 d5 2. exd5 Nf6 3. Bb5+ Bd7 4. Bc4 Bg4 5. f3 Bf5 6. g4 Bc8 7. Nc3 c6 8. dxc6 Nxc6 9. Nge2 Ne5 10. Bb5+ Bd7 11. Bxd7+ Qxd7 12. O-O e6 13. d4 Nc6 14. Be3 O-O-O 15. Qe1 h5 16. g5 Nd5 17. Bf2 Bb4 18. a3 Ba5 19. b4 Bb6 20. Ne4 f5 21. Nc5 Bxc5 22. dxc5 f4 23. Rd1 Qf7 24. Nd4 Nxd4 25. Bxd4 Qf5 26. Kh1 Rhe8 27. Rg1 e5 28. Bf2 e4 29. fxe4 Rxe4 30. Qf1 f3 31. c4 Nf4 32. Rxd8+ Kxd8 33. c6 bxc6 34. Bxa7 Ne2 35. Qd1+ Kc8 36. Rf1 f2 37. Qd3 Qf4 38. c5 Nd4 39. Qa6+ Kd7 40. Qb7+ Ke6 41. Qc8+ Kd5 42. Qh3 Re3 43. Qg2+ Kc4 44. Rxf2 Re1+ 45. Qg1 Rxg1+ 46. Kxg1 Qe3 47. Kg2 Nc2 48. b5 Kxb5 49. Bb6 Nd4 50. a4+ Ka6 51. Bc7 Qe4+ 52. Kg1 Nf5 53. Bd6 g6 54. Bf4 Qd4 55. Kg2 Ka5 56. Bd2+ Ka6 57. Bf4 Kb7 58. Bd6 h4 59. Bf4 Qe4+ 0-1

[Event "December 5 Late 2023"]
[Site "https://www.chess.com"]
[Date "2023.12.05"]
[Round "11"]
[White "Bogaudinov, Rushan"]
[Black "Estrada Nieto, Julian"]
[Result "0-1"]
[Board "70"]
[TimeControl "180+1"]
[WhiteFideId "4129288"]
[BlackFideId "5101018"]
[WhiteElo "2435"]
[BlackElo "2525"]
[WhiteTeam "RUS"]
[BlackTeam "ESP"]
[WhiteClock "0:00:55"]
[BlackClock "0:01:24"]

1. a3 Nf6 2. Nf3 d5 3. e3 Bg4 4. Be2 Nbd7 5. h3 Bxf3 6. Bxf3 e6 7. O-O Bd6 8. d3 O-O 9. Nc3 c6 10. b4 a5 11. b5 Re8 12. Bb2 Ne5 13. Be2 Ng6 14. d4 e5 15. bxc6 bxc6 16. Na4 e4 17. c4 Rb8 18. Bc3 Bc7 19. Rb1 Rxb1 20. Qxb1 Qd6 21. g3 Qxa3 22. Qc2 Qd6 23. Rb1 h5 24. Rb7 h4 25. c5 Qd8 26. Kg2 hxg3 27. fxg3 Ne7 28. Be1 Nf5 29. Bf2 Bxg3 30. Bxg3 Nxe3+ 31. Kh2 Nxc2 32. Be5 Qc8 33. Rc7 Qf5 34. Kg2 Ne3+ 35. Kg1 Rxe5 36. dxe5 Qxe5 37. Rc8+ Kh7 38. Kf2 d4 0-1

[Event "December 5 Late 2023"]
[Site "https://www.chess.com"]
[Date "2023.12.05"]
[Round "11"]
[White "Rama, Tejas"]
[Black "Erzhanov, Arman"]
[Result "0-1"]
[Board "71"]
[TimeControl "180+1"]
[WhiteFideId "30907381"]
[BlackFideId "4138821"]
[WhiteElo "2455"]
[BlackElo "2517"]
[WhiteTeam "USA"]
[BlackTeam "KAZ"]
[WhiteClock "0:00:04"]
[BlackClock "0:01:26"]

1. d4 d6 2. Nf3 g6 3. c4 Bg7 4. Nc3 e5 5. e4 Bg4 6. dxe5 dxe5 7. Qxd8+ Kxd8 8. Ng5 Nh6 9. Be2 Bd7 10. f4 f6 11. Nf3 Nc6 12. O-O Nf7 13. Rd1 Kc8 14. Nd5 Re8 15. Be3 exf4 16. Bxf4 Nfe5 17. Rd2 Nxf3+ 18. gxf3 Ne5 19. Bg3 c6 20. Nc3 g5 21. Rad1 Be6 22. b3 Kc7 23. f4 gxf4 24. Bxf4 Rg8 25. Kh1 Bf8 26. Bh5 Bb4 27. Rc2 Bh3 28. Bg3 Rad8 29. Rxd8 Rxd8 30. Nb1 Rd3 31. a3 Bc5 32. b4 Bd4 33. Rd2 Rb3 34. Rd1 Be3 35. Be2 Rb2 36. c5 Rxe2 37. Nc3 Bg2# 0-1

[Event "December 5 Late 2023"]
[Site "https://www.chess.com"]
[Date "2023.12.05"]
[Round "11"]
[White "Makaraci, Tunahan"]
[Black "Zivic, Dragan"]
[Result "1-0"]
[Board "72"]
[TimeControl "180+1"]
[WhiteFideId "6356559"]
[BlackFideId "904740"]
[WhiteElo "2512"]
[BlackElo "2396"]
[WhiteTeam "TUR"]
[BlackTeam "SRB"]
[WhiteClock "0:00:39"]
[BlackClock "0:00:59"]

1. e4 c6 2. d4 d5 3. exd5 cxd5 4. c4 Nc6 5. Nc3 Nf6 6. Bg5 dxc4 7. d5 Ne5 8. Qd4 Nd3+ 9. Bxd3 cxd3 10. Nf3 g6 11. Bxf6 exf6 12. O-O Be7 13. Qxd3 O-O 14. Rad1 Bd6 15. Ne4 f5 16. Nxd6 Qxd6 17. Rfe1 Bd7 18. h4 Rfe8 19. h5 Rxe1+ 20. Rxe1 Bc6 21. Qc3 Bxd5 22. Rd1 Rd8 23. h6 Qf8 24. Qe5 f6 25. Qc7 Rd6 26. Qc5 Rd7 27. Rxd5 1-0

[Event "December 5 Late 2023"]
[Site "https://www.chess.com"]
[Date "2023.12.05"]
[Round "11"]
[White "Leenhouts, Koen"]
[Black "Bonin, Jay"]
[Result "1-0"]
[Board "73"]
[TimeControl "180+1"]
[WhiteFideId "1008439"]
[BlackFideId "2000644"]
[WhiteElo "2501"]
[BlackElo "2394"]
[WhiteTeam "NED"]
[BlackTeam "USA"]
[WhiteClock "0:00:51"]
[BlackClock "0:00:23"]

1. e4 c5 2. Nf3 Nc6 3. Bb5 g6 4. O-O Bg7 5. Re1 Nf6 6. c3 O-O 7. e5 Nd5 8. d4 cxd4 9. cxd4 d6 10. Bxc6 bxc6 11. h3 a5 12. Nc3 Ba6 13. Nxd5 cxd5 14. Bf4 dxe5 15. Nxe5 e6 16. Rc1 a4 17. Qxa4 Bc4 18. Qb4 Rxa2 19. b3 Rb2 20. Re3 Qa8 21. Nxc4 dxc4 22. Qxc4 Rd8 23. Be5 Qa2 24. Rf1 Bxe5 25. dxe5 Rdd2 26. Rf3 Rb1 27. Rxb1 Qxb1+ 28. Kh2 Rd1 29. Qc7 1-0

[Event "December 5 Late 2023"]
[Site "https://www.chess.com"]
[Date "2023.12.05"]
[Round "11"]
[White "Grutter, Tim"]
[Black "Pein, Jonathan"]
[Result "1-0"]
[Board "74"]
[TimeControl "180+1"]
[WhiteFideId "1057472"]
[BlackFideId "417092"]
[WhiteElo "2496"]
[BlackElo "2385"]
[WhiteTeam "NED"]
[BlackTeam "ENG"]
[WhiteClock "0:00:04"]
[BlackClock "0:00:00"]

1. e4 e5 2. Nc3 d6 3. g3 Nf6 4. Bg2 g6 5. Nge2 Bg7 6. O-O O-O 7. d3 c6 8. a4 d5 9. h3 Be6 10. Kh2 d4 11. Nb1 c5 12. Na3 Nc6 13. b3 a6 14. f4 exf4 15. gxf4 Qc7 16. Ng3 Rfe8 17. Nc4 Rad8 18. e5 Nd5 19. Nd6 Rxd6 20. exd6 Qxd6 21. Ne4 Qe7 22. Qf3 Ncb4 23. Qf2 Ne3 24. Rg1 Nbxc2 25. Ra2 Bxb3 26. Rb2 Bxa4 27. Rxb7 Qd8 28. Nxc5 Nxg2 29. Qxg2 Ne3 30. Bxe3 dxe3 31. Nxa4 Qd4 32. Nb2 Qxf4+ 33. Qg3 Qf5 34. Nc4 e2 35. Nd6 Qd5 36. Nxe8 Be5 37. Nf6+ Bxf6 38. Rb8+ Kg7 39. Re8 Bd4 40. Re1 1-0

[Event "December 5 Late 2023"]
[Site "https://www.chess.com"]
[Date "2023.12.05"]
[Round "11"]
[White "Nery Junior, Jose Antonio"]
[Black "Dobre, Claudiu-Cristian"]
[Result "1-0"]
[Board "75"]
[TimeControl "180+1"]
[WhiteFideId "2104822"]
[BlackFideId "1211854"]
[WhiteElo "2359"]
[BlackElo "2490"]
[WhiteTeam "BRA"]
[BlackTeam "ROU"]
[WhiteClock "0:00:10"]
[BlackClock "0:00:02"]

1. e4 Nc6 2. Nf3 d6 3. Bc4 Nf6 4. Nc3 Bg4 5. e5 Nxe5 6. Nxe5 dxe5 7. f3 Bf5 8. d3 c6 9. Be3 e6 10. O-O Nd5 11. Bf2 Nxc3 12. bxc3 Qa5 13. Qe1 Bc5 14. Kh1 Bxf2 15. Rxf2 h5 16. Re2 O-O-O 17. Rxe5 Qc7 18. Rb1 h4 19. h3 Rh6 20. d4 Bxc2 21. Rb2 Bf5 22. a4 Rg6 23. Qxh4 f6 24. Bxe6+ Bxe6 25. Rxe6 Qa5 26. Qe1 Qxa4 27. Re7 Rd7 28. Qe6 c5 29. Re8+ Kc7 30. Qe4 Rg5 31. Rxb7+ Kd6 32. Qe6# 1-0

[Event "December 5 Late 2023"]
[Site "https://www.chess.com"]
[Date "2023.12.05"]
[Round "11"]
[White "Gerbelli Neto, Eduardo"]
[Black "Ventura Bolet, Maxim"]
[Result "0-1"]
[Board "76"]
[TimeControl "180+1"]
[WhiteFideId "2103281"]
[BlackFideId "22238824"]
[WhiteElo "2345"]
[BlackElo "2469"]
[WhiteTeam "BRA"]
[BlackTeam "ESP"]
[WhiteClock "0:00:02"]
[BlackClock "0:00:49"]

1. e4 Nf6 2. Nc3 d5 3. e5 d4 4. exf6 dxc3 5. fxg7 cxd2+ 6. Bxd2 Bxg7 7. Qf3 Bxb2 8. Rd1 Qd6 9. Bc4 Qg6 10. Ne2 Nc6 11. c3 Bg4 12. Bxf7+ Qxf7 13. Qxg4 Rg8 14. Qa4 O-O-O 15. Rb1 Rxg2 16. Rf1 Ne5 17. Nd4 Qh5 18. Be3 Bxc3+ 0-1

[Event "December 5 Late 2023"]
[Site "https://www.chess.com"]
[Date "2023.12.05"]
[Round "11"]
[White "Marchesich, Giovanni"]
[Black "Silvestre, Christian"]
[Result "1/2-1/2"]
[Board "77"]
[TimeControl "180+1"]
[WhiteFideId "2824790"]
[BlackFideId "30956269"]
[WhiteElo "2415"]
[BlackElo "2339"]
[WhiteTeam "ITA"]
[BlackTeam "USA"]
[WhiteClock "0:00:18"]
[BlackClock "0:00:07"]

1. f3 e5 2. Nh3 d5 3. Nf2 f5 4. g3 Nf6 5. Bg2 Bd6 6. O-O O-O 7. d3 d4 8. c3 c5 9. e3 dxe3 10. Bxe3 f4 11. Bd2 fxg3 12. hxg3 Nh5 13. Ne4 Bf5 14. Bg5 Be7 15. Bxe7 Qxe7 16. Nbd2 Nc6 17. Qe2 Rad8 18. Rae1 b6 19. f4 Bg6 20. f5 Be8 21. Nc4 Nf6 22. Ng5 Bd7 23. Bxc6 Bxc6 24. Ne6 Ba8 25. Nxf8 Qb7 26. Qh2 Rxf8 27. Nxe5 Qd5 28. g4 Re8 29. Rf2 Nxg4 30. Nxg4 Rxe1+ 31. Rf1 Rxf1+ 32. Kxf1 Qf3+ 33. Nf2 Qxf5 34. Qb8+ Qf8 35. Qe5 Qf6 36. Qb8+ Qf8 37. Qe5 Qf6 38. Qb8+ Qf8 1/2-1/2